 Dungeon Crawl Stone Soup version 0.31-a0-207-g184df878d8 (webtiles) character file.

Game seed: 7244121834892512279

75 Ayven the Covered (level 4, 0/40 HPs)
             Began as a Hill Orc Fighter on June 28, 2023.
             Slain by a cerulean imp
             ... wielding a +2 spear
             ... summoned by Natasha
              (6 damage)
             ... on level 2 of the Dungeon.
             The game lasted 00:01:57 (768 turns).

Ayven the Covered (Hill Orc Fighter)                 Turns: 768, Time: 00:01:57

Health: 0/40       AC:  7    Str: 18    XL:     4   Next: 31%
Magic:  4/4        EV:  9    Int:  8    God:
Gold:   43         SH:  4    Dex: 12    Spells: 3/3 levels left

rFire   . . .        a - +0 flail
rCold   . . .        c - +0 buckler
rNeg    . . .        b - +0 scale mail
rPois   .            (no helmet)
rElec   .            (no cloak)
rCorr   .            (no gloves)
SInv    .            (no boots)
Will    .....        (no amulet) Stlth
                     (no ring)
HPRegen 0.26/turn    (no ring)
MPRegen 0.09/turn

%: no passive effects
@: no status effects
A: no striking features
a: no special abilities


You were on level 2 of the Dungeon.
You visited 1 branch of the dungeon, and saw 2 of its levels.

You collected 43 gold pieces.

Inventory:

Hand Weapons
 a - a +0 flail (weapon)
Armour
 b - a +0 scale mail (worn)
 c - a +0 buckler (worn)
Scrolls
 e - a scroll of immolation {unknown}
 g - a scroll of teleportation {unknown}
 h - a scroll of noise {unknown}
 i - a scroll of vulnerability {unknown}
Potions
 d - a potion of might
 f - a potion of ambrosia {unknown}


   Skills:
 + Level 4.1 Fighting
 + Level 3.0 Maces & Flails
 + Level 4.2 Armour
 + Level 1.0 Dodging
 + Level 3.5 Shields


You had 3 spell levels left.
You didn't know any spells.
Your spell library was empty.

Dungeon Overview and Level Annotations

Branches:
Dungeon (2/15)

Altars:

Annotations:
D:2 Natasha


Message History

You closely miss the cerulean imp.
The cerulean imp hits you but does no damage.
The cerulean imp barely misses you. You block the cerulean imp's attack.
You sock the cerulean imp!
The cerulean imp is severely wounded.
The cerulean imp hits you from afar with a +2 spear.
The cerulean imp hits you with a +2 spear.
You hit the cerulean imp but do no damage.
The cerulean imp is severely wounded.
The cerulean imp hits you from afar with a +2 spear.
The cerulean imp hits you with a +2 spear!
* * * LOW HITPOINT WARNING * * *
You hit the cerulean imp but do no damage.
The cerulean imp is severely wounded.
The cerulean imp hits you from afar with a +2 spear.
* * * LOW HITPOINT WARNING * * *
The cerulean imp hits you but does no damage.
Natasha casts a spell.
The cerulean imp hits you from afar with a +2 spear.
* * * LOW HITPOINT WARNING * * *
The cerulean imp misses you.
You hit the cerulean imp but do no damage.
The cerulean imp is severely wounded.
The cerulean imp barely misses you.
The cerulean imp hits you but does no damage.
You barely miss the cerulean imp.
The cerulean imp is severely wounded.
The cerulean imp completely misses you.
The cerulean imp hits you with a +2 spear.
* * * LOW HITPOINT WARNING * * *
The cerulean imp closely misses you.
You closely miss the cerulean imp.
The cerulean imp is severely wounded.
The cerulean imp hits you but does no damage.
The cerulean imp closely misses you. You block the cerulean imp's attack.
You closely miss the cerulean imp.
The cerulean imp is severely wounded.
The cerulean imp barely misses you.
The cerulean imp hits you with a +2 spear.
You die...

# #####.###
####.#.......
.....#..###.#
#.#.#.#.#.#.##
.............# #
#.#.#.#.#.#.## .# .
..........5..# .#...
#.#.#.#.#5#.##...#..
...<.....h5@........
#.#(#.#.#.#.#....#..
##...<)##...#.##
#.....###### #
#.....# ###.### #.
#. #.


You could see Natasha and 3 cerulean imps.

Vanquished Creatures
  Natasha (twice) (D:2)
  An adder (D:2)
  A ball python (D:1)
  2 bats (D:2)
  2 endoplasms (D:1)
  2 giant cockroaches (D:1)
  A goblin (D:2)
  2 hobgoblins (D:1)
  A quokka (D:2)
  A frilled lizard (D:1)
  A kobold (D:1)
16 creatures vanquished.

Notes
Turn   | Place    | Note
-------+----------+-------------------------------------------
     0 | D:1      | Ayven the Hill Orc Fighter began the quest for the Orb.
     0 | D:1      | Reached XP level 1. HP: 19/19 MP: 1/1
   249 | D:1      | Reached XP level 2. HP: 25/27 MP: 2/2
   288 | D:1      | Found a faded altar of an unknown god.
   651 | D:2      | Reached XP level 3. HP: 17/33 MP: 3/3
   694 | D:2      | Noticed Natasha
   700 | D:2      | Killed Natasha
   717 | D:2      | Noticed Natasha
   733 | D:2      | Killed Natasha
   734 | D:2      | Reached skill level 1 in Dodging
   734 | D:2      | Reached XP level 4. HP: 22/40 MP: 4/4
   751 | D:2      | Noticed Natasha
   768 | D:2      | Slain by a cerulean imp

Illustrated notes

Levels and vault maps discovered:
D:1:      amcnicky_arrival_blooded_trapdoor, layout_rooms,
          shapermc_ecumenical_altar_totnotflames
D:2:      layout_loops_ring, st_stairs_12, uniq_crazy_yiuf_cottage, uniq_natasha

Skill      XL: |  1  2  3 |
---------------+----------+-----
Fighting       | 4 |  4.1
Maces & Flails | 3 |  3.0
Armour         | 4 |  4.2
Dodging        | 1 |  1.0
Shields        | |  3.5

Action                     |  1- 3 |  4- 6 || total
---------------------------+-------+-------++-------
  Melee: Flail             |    78 |     9 ||    87
 Armour: Scale mail        |    62 |     4 ||    66
  Dodge: Dodged            |    66 |     8 ||    74
  Block: Buckler           |    22 |     2 ||    24

Table legend: (Time is in decaauts)
 A = Elapsed time spent in this place.
 B = Non-inter-level travel time spent in this place.
 C = Inter-level travel time spent in this place.
 D = Time resting spent in this place.
 E = Time spent auto-exploring this place.
 F = Levels seen in this place.
 G = Mean time per level.
                   A        B        C        D        E       F      G
               +--------+--------+--------+--------+--------+-----+--------+
         Total |    795 |    729 |     66 |      0 |    476 |   2 |  397.5 |
       Dungeon |    795 |    729 |     66 |      0 |    476 |   2 |  397.5 |
               +--------+--------+--------+--------+--------+-----+--------+

Top non-repeatable levels by time:
     D:1: 612 daAuts
     D:2: 182 daAuts
